[Event "Chess Festival Groningen 2023 | A"]
[Site "Groningen, Netherlands"]
[Date "2023.12.23"]
[Round "3.24"]
[White "Smeets, Kobe"]
[Black "Francs, Marats"]
[Result "1-0"]
[TimeControl "90min/40moves + 30min + 30sec/move"]
[WhiteElo "2239"]
[BlackElo "1990"]

1. e4 e5 2. Nf3 Nc6 3. Bb5 Nf6 4. d3 Bc5 5. c3 O-O 6. O-O Re8 7. Bg5 a6 8. Ba4 h6 9. Bh4 g5 10. Bg3 b5 11. Bb3 d6 12. Re1 Bb6 13. Nbd2 Ne7 14. a4 Rb8 15. Nf1 Ng6 16. h4 g4 17.
N3h2 Nh5 18. Nxg4 Nxg3 19. Qf3 Bxg4 20. Qxg4 Qf6 21. Qxg3 Kh8 22. Ne3 Bxe3 23. Qxe3 Nf4 24. g3 Rg8 25.
Kf1 bxa4 26. Bxa4 Rxb2 27. Rab1 Nxd3 28. Rxb2 Nxb2 29. Bb3 a5 30. Rb1 a4 31. Rxb2 axb3 32. Rxb3 Rg4 33. Rb7 Qg6 34. Rxc7 Rxe4 35.
Qf3 f5 36. Qd3 Qg4 37. Kg2 Re2 38. Rc4 f4 39. Rc7 f3+ 40. Qxf3 Qxf3+ 41. Kxf3 Rc2 42. Rc6 Rd2 43. Ke3 Rd1 44. Ke2 Rd5 45. c4 Rd4 46.
c5 dxc5 47. Rxc5 Re4+ 48. Kf3 Re1 49.
Rc6 Kg7 50. h5 Rh1 51. Kg4 Rf1 52. f3 Re1 53. Rc7+ Kg8 54. Kf5 Kf8 55. Kf6 Kg8 56. Kg6 Kf8 57. Rf7+ Kg8 58. Rg7+ Kf8 59. Kxh6 Rf1 60. g4 Rxf3 61.
g5 e4 62. g6 e3 63. Ra7 Rg3 64. g7+ Ke8 65. Ra8+ Kf7 66.
Rf8+ 1-0

[Event "Chess Festival Groningen 2023 | A"]
[Site "Groningen, Netherlands"]
[Date "2023.12.23"]
[Round "3.25"]
[White "Spit, Vincent"]
[Black "Kanyamarala, Trisha"]
[Result "0-1"]
[TimeControl "90min/40moves + 30min + 30sec/move"]
[WhiteElo "2076"]
[BlackElo "2184"]

1. e4 c5 2. Nf3 d6 3. d4 cxd4 4. Nxd4 Nf6 5. Nc3 Nc6 6. Bg5 e6 7. Qd2 a6 8.
O-O-O Bd7 9. f3 Be7 10. h4 h6 11.
Be3 h5 12. Kb1 b5 13. Nxc6 Bxc6 14. Ne2 d5 15. Nd4 Bb7 16. e5 Nd7 17. f4 g6 18. Bd3 Nc5 19. Rhg1 Ne4 20. Bxe4 dxe4 21. g4 hxg4 22. Rxg4 Qc7 23.
Nb3 Bd5 24. Qf2 Rc8 25. Qg2 a5 26. Rxd5 exd5 27. Nd4 Bc5 28. Nxb5 Qc6 29. Bxc5 Qxb5 30. Bd6 Qd7 31. a3 e3 32. Rg5 d4 33. f5 Qc6 34. Qe2 Qh1+ 35. Ka2 Qd5+ 36. b3 d3 37. cxd3 a4 38.
Rg1 Qxb3+ 39. Ka1 Rc2 40.
fxg6 Qa2# 0-1

[Event "Chess Festival Groningen 2023 | A"]
[Site "Groningen, Netherlands"]
[Date "2023.12.23"]
[Round "3.26"]
[White "Bakija, Alan"]
[Black "Van Batenburg, Mees"]
[Result "0-1"]
[TimeControl "90min/40moves + 30min + 30sec/move"]
[WhiteElo "2010"]
[BlackElo "2109"]

1. Nf3 f5 2. c4 Nf6 3. g3 d6 4. Bg2 e5 5. O-O Nc6 6. Nc3 Be7 7. Rb1 a5 8. a3
O-O 9. b4 axb4 10. axb4 Qe8 11. d3 h6 12. b5 Nd8 13. c5 Ne6 14. cxd6 cxd6 15.
Nd2 f4 16. Nc4 Ng5 17. d4 Bf5 18. dxe5 dxe5 19. Nxe5 fxg3 20. f4 Qh5 21. hxg3
Nh3+ 22. Bxh3 Qxh3 23. Rf3 Rad8 24. Qb3+ Be6 25. Qb2 Ng4 26. Nxg4 Bxg4 27. Qb3+
Kh8 28. Ne4 Bxf3 29. exf3 Rf5 30. g4 Rfd5 31. Bb2 Rd2 32. Nxd2 Bc5+ 0-1

[Event "Chess Festival Groningen 2023 | A"]
[Site "Groningen, Netherlands"]
[Date "2023.12.23"]
[Round "3.27"]
[White "Ritzerveld, Noah"]
[Black "Schuricht, Emil Frederick"]
[Result "1/2-1/2"]
[TimeControl "90min/40moves + 30min + 30sec/move"]
[WhiteElo "1997"]
[BlackElo "2095"]

1. e4 c6 2. d4 d5 3. Nc3 dxe4 4. Nxe4 Nf6 5. Nxf6+ exf6 6. c3 Bd6 7. Bd3 O-O 8. Qc2 Re8+ 9. Ne2 h5 10. O-O h4 11. h3 Nd7 12. Be3 Nf8 13. c4 Be6 14. Rad1 Rc8 15. Rfe1 Bb8 16. Bf4 Bxf4 17.
Nxf4 Qd6 18. Qd2 Rcd8 19. b3 Bc8 20. d5 g6 21. Rxe8 Rxe8 22. dxc6 bxc6 23. Bc2 Qe5 24. Nd3 Qg5 25.
Qxg5 fxg5 26. Nb4 c5 27. Nd5 Kg7 28. Ne3 Ne6 29. Rd5 Re7 30. Rd6 Nd4 31. Bd3 Re6 32. Rd5 Rc6 33. b4 Ne6 34.
b5 Rc7 35. Rd6 Rd7 36. Rxd7 Bxd7 37. Nd5 f5 38. a4 Bc8 39. a5 Kf7 40. a6 Ke8 41. Be2 Kd7 42. Kf1 Kd6 43. Bf3 Nd4 44.
Bd1 Nxb5 45. cxb5 Kxd5 46. Ke1 Kd6 47. b6 axb6 48. a7 Bb7 49. Bf3 Kc7 50.
a8=Q Bxa8 51. Bxa8 g4 52. hxg4 fxg4 53. Be4 h3 54. gxh3 gxh3 55.
f4 Kd6 56. Kf2 b5 57. Bxg6 Ke6 58. Kg3 c4 59. Kxh3 b4 60. Bh7 c3 61. Kg4 Kd5 62. Bg8+ Kd4 63. Bb3 Kd3 64. f5 c2 65.
Bxc2+ 1/2-1/2

[Event "Chess Festival Groningen 2023 | A"]
[Site "Groningen, Netherlands"]
[Date "2023.12.23"]
[Round "3.28"]
[White "Jacobs, Florian"]
[Black "Arnold, Rhys"]
[Result "1-0"]
[TimeControl "90min/40moves + 30min + 30sec/move"]
[WhiteElo "2218"]
[BlackElo "2053"]

1. d4 d5 2. c4 e6 3. Nc3 a6 4. cxd5 exd5 5. Bf4 Nf6 6. e3 Bd6 7.
Bg5 c6 8. Bd3 O-O 9. Nge2 Re8 10. Qc2 h6 11.
Bh4 a5 12. h3 Be7 13. f3 b5 14. Bf2 Ba6 15. O-O Bf8 16. Ng3 b4 17. Bxa6 Nxa6 18. Na4 c5 19. dxc5 Rc8 20. c6 Re6 21.
Rac1 Qe8 22. Qd3 Rexc6 23. Rxc6 Qxc6 24. b3 Nc7 25. Nf5 Ne6 26. Bh4 Qc2 27. Qxc2 Rxc2 28. Bxf6 gxf6 29. Rf2 Rc1+ 30.
Rf1 Rc2 31. Rf2 Rc1+ 32. Kh2 d4 33.
exd4 Rd1 34. Nb2 Rc1 35. Rd2 Nf4 36.
Nd3 Nxd3 37. Rxd3 Kh7 38. Rd2 Kg6 39. g4 h5 40. d5 hxg4 41. hxg4 Bh6 42. Nxh6 Kxh6 43. d6 Rc8 44. d7 Rd8 45. Kg3 f5 46. Kf4 Kg6 47. Ke5 fxg4 48. fxg4 1-0

[Event "Chess Festival Groningen 2023 | A"]
[Site "Groningen, Netherlands"]
[Date "2023.12.23"]
[Round "3.29"]
[White "Krasenkowa, Elena"]
[Black "Goudriaan, Rafael"]
[Result "1-0"]
[TimeControl "90min/40moves + 30min + 30sec/move"]
[WhiteElo "2109"]
[BlackElo "2039"]

1. d4 Nf6 2. c4 g6 3. Nc3 Bg7 4. e4 d6 5. Nf3 O-O 6. Be2 Nbd7 7. O-O e5 8. d5 Nc5 9. Nd2 a5 10. b3 Bh6 11.
Qc2 Ne8 12. Nf3 Bxc1 13. Qxc1 f5 14. exf5 Bxf5 15. Qe3 Nf6 16. Nd2 Qd7 17. h3 Qg7 18. g4 Bd7 19. a3 b6 20. b4 axb4 21.
axb4 Na6 22. Rab1 h5 23. f3 Nh7 24. Nce4 Qe7 25. Rf2 Qh4 26. Bf1 Nf6 27. Qh6 Nxe4 28. Qxg6+ Kh8 29. Qh6+ Kg8 30. Nxe4 Rf7 31. Rg2 1-0

[Event "Chess Festival Groningen 2023 | A"]
[Site "Groningen, Netherlands"]
[Date "2023.12.23"]
[Round "3.30"]
[White "Van Rootselaar, Rik"]
[Black "Boer, Alef"]
[Result "1/2-1/2"]
[TimeControl "90min/40moves + 30min + 30sec/move"]
[WhiteElo "2105"]
[BlackElo "2017"]

1. d4 d5 2. c4 dxc4 3. Nf3 a6 4. e3 Nf6 5. Bxc4 e6 6. O-O c5 7. Nc3 b5 8.
Be2 Bb7 9. dxc5 Bxc5 10. Qxd8+ Kxd8 11. a3 Ke7 12. b4 Bd6 13. Bb2 Nbd7 14. Nd4 Nb6 15. Nb3 Rac8 16. Rfc1 Rc7 17. Na5 Ba8 18.
Bf3 Bxf3 19. gxf3 Nc4 20. Nxc4 Rxc4 21. Ne4 Rhc8 22. Rxc4 Rxc4 23. Nxd6 Kxd6 24. Bd4 Rc6 25. Kf1 e5 26. Bc5+ Ke6 27. e4 Nd7 28. Be3 g6 1/2-1/2

[Event "Chess Festival Groningen 2023 | A"]
[Site "Groningen, Netherlands"]
[Date "2023.12.23"]
[Round "3.31"]
[White "Vijayakumar, Rishi"]
[Black "De Jong, Mathijs"]
[Result "0-1"]
[TimeControl "90min/40moves + 30min + 30sec/move"]
[WhiteElo "2104"]
[BlackElo "2008"]

1. d4 d5 2. c4 c6 3. Nf3 Nf6 4. Nc3 e6 5. e3 Nbd7 6. Qc2 Bd6 7. Bd3 O-O 8. O-O
b6 9. b3 Bb7 10. Bb2 Rc8 11. cxd5 cxd5 12. Qe2 Ne4 13. Rfc1 Nxc3 14. Rxc3 Rxc3
15. Bxc3 Qe7 16. Rc1 Rc8 17. Qd2 f5 18. b4 g5 19. b5 g4 20. Ne1 Nf6 21. a4 Ne4
22. Bxe4 fxe4 23. a5 Rc4 24. Qd1 h5 25. a6 Bc8 26. Bd2 Rxc1 27. Bxc1 Bd7 28. h3
Qg5 29. hxg4 Qxg4 30. f3 Qg3 31. f4 h4 32. Bd2 Bxb5 33. Qh5 Bd7 34. Nc2 h3 35.
Qxh3 Qxh3 36. gxh3 Bc8 37. Nb4 Bxb4 38. Bxb4 Bxa6 39. Bd6 Be2 40. Kf2 Bf3 41.
Bb8 a6 42. Bc7 b5 43. Ba5 Kf7 44. Kg3 Kg6 45. Bb4 Be2 46. Kf2 Bd1 47. Ke1 Bb3
48. Kf2 Bc4 49. Kg2 Kf7 50. Kg3 Be2 51. Kf2 Bh5 52. Kg3 Bg6 53. Kg4 Bf5+ 54.
Kg3 Ke8 55. h4 Kd7 56. h5 Kc6 57. Ba5 b4 58. Bxb4 Kb5 59. Bd2 a5 60. h6 a4 61.
Kh4 a3 62. Kg5 a2 63. Bc3 Kc4 64. Bb2 Kd3 65. Kf6 Kxe3 66. h7 Bxh7 67. Kxe6
Kxf4 68. Kxd5 e3 69. Kc4 e2 70. Bc3 e1=Q 71. Bxe1 a1=Q 0-1

[Event "Chess Festival Groningen 2023 | A"]
[Site "Groningen, Netherlands"]
[Date "2023.12.24"]
[Round "4.1"]
[White "Kobo, Ori"]
[Black "Kazakouski, Valery"]
[Result "1/2-1/2"]
[TimeControl "90min/40moves + 30min + 30sec/move"]
[WhiteElo "2541"]
[BlackElo "2586"]

1. d4 Nf6 2. Nf3 d5 3. e3 c6 4. h3 Bf5 5. g4 Bg6 6. Ne5 Nfd7 7. Nxg6 hxg6 8. c4 e6 9. Nd2 Be7 10.
Bg2 a5 11. e4 Nb6 12. c5 N6d7 13. O-O b6 14. cxb6 Qxb6 15. Qa4 Qb4 16. Qxb4 axb4 17. Re1 Nb6 18. Nf3 N8d7 19. Bf4 O-O 20.
Nd2 Bf6 21. Nf3 dxe4 22. Rxe4 b3 23. a3 Nc4 24. Bf1 Ndb6 25. Rb1 Ra4 26. Ree1 Rc8 27. Rec1 Be7 28. Nd2 Nxd2 29. Bxd2 Bf6 30.
Rc3 Nd5 31. Rxb3 Bxd4 32. Rc1 Raa8 33. Bg2 c5 34. Rb7 Rd8 35. Rc2 Rab8 36. Rxb8 Rxb8 37. b4 cxb4 38. axb4 Bf6 39. Rc4 Kf8 40.
Bf3 Ke8 41. Bxd5 exd5 42. Rc5 Be7 1/2-1/2

[Event "Chess Festival Groningen 2023 | A"]
[Site "Groningen, Netherlands"]
[Date "2023.12.24"]
[Round "4.2"]
[White "De Winter, Arthur"]
[Black "Romanov, Evgeny"]
[Result "1/2-1/2"]
[TimeControl "90min/40moves + 30min + 30sec/move"]
[WhiteElo "2405"]
[BlackElo "2561"]

1. e4 e5 2. Nf3 Nc6 3. Bb5 a6 4. Ba4 Nf6 5. O-O Be7 6. d3 b5 7. Bb3 d6 8. c3 O-O 9. h3 h6 10.
Nbd2 Re8 11. d4 Bf8 12. Bc2 g6 13. d5 Ne7 14. b3 Nh5 15. Re1 Bg7 16. a4 Bd7 17. c4 c5 18. dxc6 Bxc6 19.
Nf1 bxc4 20. bxc4 f5 21. Ba3 fxe4 22. Bxe4 Bxe4 23. Rxe4 Nf6 24. Re1 e4 25. Nd4 Qd7 26. Ng3 d5 27.
c5 Nc6 28. Nxc6 Qxc6 29. Rb1 Nd7 30. Qd2 Rad8 31. Bb2 Nxc5 32. Bxg7 Kxg7 33. Qd4+ Kf7 34. Rec1 Rc8 35. a5 Qd6 36.
Rb6 Qe5 37. Qe3 Qg5 38. f4 exf3 39. Qxf3+ Kg8 40. Rd1 Rcd8 41. h4 Qe3+ 42. Qxe3 Rxe3 43. Rxg6+ Kh7 44. Rxh6+ Kxh6 45. Nf5+ Kh5 46.
Nxe3 d4 47. g4+ Kxh4 48. Rxd4 Rxd4 49. Nf5+ Kxg4 50. Nxd4 Kf4 51. Nc6 Nb3 52. Nb4 Nxa5 53. Nxa6 1/2-1/2

[Event "Chess Festival Groningen 2023 | A"]
[Site "Groningen, Netherlands"]
[Date "2023.12.24"]
[Round "4.3"]
[White "Stremavicius, Titas"]
[Black "Krasenkow, Michal"]
[Result "1-0"]
[TimeControl "90min/40moves + 30min + 30sec/move"]
[WhiteElo "2550"]
[BlackElo "2532"]

1. Nf3 d5 2. g3 Bg4 3. Bg2 Nd7 4. d4 e6 5. c4 c6 6. h3 Bh5 7. O-O Ngf6 8. cxd5 cxd5 9. Qb3 Qb6 10.
Qxb6 Nxb6 11. g4 Bg6 12. Ne5 Bd6 13. Nc3 Rc8 14. Bf4 Bb8 15. Rfc1 Ke7 16. b3 Nfd7 17. Nxg6+ hxg6 18. Bd2 f5 19.
a4 Rc6 20. f3 Nf6 21. a5 Nbd7 22. g5 Nh5 23. e3 Ng3 24. Kf2 a6 25. Na2 Rhc8 26. Rxc6 Rxc6 27. Rc1 Rxc1 28. Nxc1 f4 29.
e4 Nh5 30. exd5 exd5 31. h4 Ba7 32. Ne2 Ne5 33. Bh3 Nc6 34. Bc3 b6 35. axb6 Bxb6 36. Bg4 Kd6 37. Ke1 Ng3 38. Nxf4 Nxd4 39.
Nxg6 Ndf5 40. Be5+ Kc6 41. h5 Be3 42. Bxg3 Nxg3 43. h6 gxh6 44. Ne5+ 1-0

[Event "Chess Festival Groningen 2023 | A"]
[Site "Groningen, Netherlands"]
[Date "2023.12.24"]
[Round "4.4"]
[White "Tiviakov, Sergei"]
[Black "Maatman, Nick"]
[Result "1/2-1/2"]
[TimeControl "90min/40moves + 30min + 30sec/move"]
[WhiteElo "2536"]
[BlackElo "2371"]

1. e4 e5 2. Nf3 Nc6 3. Bb5 Nf6 4. Qe2 a6 5. Bxc6 dxc6 6. O-O Qe7 7. b3 Bg4 8. Bb2 Nd7 9. d3 O-O-O 10. Nbd2 Kb8 11. Qe3 f6 12. d4 exd4 13. Nxd4 c5 14. N4f3 Rg8 15. Rfe1 g5 16. Rad1 Re8 17. Nc4 Be6 18.
Na5 g4 19. Nh4 Qf7 20. g3 Bd6 21. a3 Ne5 22. Bxe5 fxe5 23. Nf5 Bxf5 24. exf5 Qxf5 25. Nc4 Rg6 26. Qe4 Qxe4 27. Rxe4 b5 28.
Ne3 h5 29. a4 Kb7 30. axb5 axb5 31. Rd2 Kc6 32. h3 gxh3 33. Kh2 Ra8 34. Kxh3 Ra1 35. Kg2 Rg5 36. Rh4 Re1 37. Kf3 Kd7 38.
Rd1 Rxd1 39. Nxd1 Ke6 40. Ne3 c6 41. Ke4 c4 42. bxc4 Bc5 43. cxb5 cxb5 44. c3 Bxe3 45. Kxe3 Kd5 46.
Kd3 Rf5 47. Ke3 Rg5 1/2-1/2

[Event "Chess Festival Groningen 2023 | A"]
[Site "Groningen, Netherlands"]
[Date "2023.12.24"]
[Round "4.5"]
[White "Reinderman, Dimitri"]
[Black "De Boer, Eelke"]
[Result "1-0"]
[TimeControl "90min/40moves + 30min + 30sec/move"]
[WhiteElo "2580"]
[BlackElo "2346"]

1. c4 Nf6 2. Nf3 e6 3. g3 d5 4. Bg2 d4 5. O-O Nc6 6. d3 Bc5 7. Nbd2 O-O 8. Nb3 Be7 9. e3 e5 10.
exd4 exd4 11. Re1 Re8 12. Bf4 Nh5 13. Bd2 g6 14. Ne5 Nxe5 15. Rxe5 Bf6 16. Rxe8+ Qxe8 17. Qf3 Qd8 18. Re1 c6 19.
Ba5 Qd6 20. c5 Qb8 21. Re8+ Kg7 22. Bh3 Bxh3 23. Rxb8 Rxb8 24. g4 Bxg4 25. Qxg4 b6 26. Bd2 Rd8 27. Bg5 Bxg5 28. Qxg5 Rd5 29.
Qh4 bxc5 30. Qe7 Nf4 31. Nxc5 h5 32. b4 Rg5+ 33. Kf1 Nh3 34. Ne6+ 1-0

[Event "Chess Festival Groningen 2023 | A"]
[Site "Groningen, Netherlands"]
[Date "2023.12.24"]
[Round "4.6"]
[White "Beerdsen, Thomas"]
[Black "Stremavicius, Pijus"]
[Result "1/2-1/2"]
[TimeControl "90min/40moves + 30min + 30sec/move"]
[WhiteElo "2511"]
[BlackElo "2367"]

1. e4 c5 2. Nf3 e6 3. d4 cxd4 4. Nxd4 Nf6 5. Nc3 Nc6 6. Be2 Bb4 7. O-O Bxc3 8. bxc3 Nxe4 9. Nxc6 dxc6 10.
Bd3 Nc5 11. Qg4 Qf6 12. Bg5 Qxc3 13. Qg3 h6 14. Bf4 Nxd3 15. cxd3 Qf6 16. Be5 Qg5 17. Bxg7 Rg8 18. Bxh6 Qxg3 19.
fxg3 e5 20. Rae1 Be6 21. Rxe5 O-O-O 22. Rd1 b6 23. Bf4 Rd4 24. h4 c5 25. h5 c4 26. h6 Rxd3 27. Rxd3 cxd3 28. Kf2 Kd7 29.
Ke3 1/2-1/2

[Event "Chess Festival Groningen 2023 | A"]
[Site "Groningen, Netherlands"]
[Date "2023.12.24"]
[Round "4.7"]
[White "Kanov, Nikola"]
[Black "Kovchan, Alexander"]
[Result "1-0"]
[TimeControl "90min/40moves + 30min + 30sec/move"]
[WhiteElo "2371"]
[BlackElo "2491"]

1. e4 c5 2. Nf3 d6 3. d4 cxd4 4. Nxd4 Nf6 5. Nc3 a6 6. Be3 e5 7. Nb3 Be6 8. h3 Nbd7 9. Qd3 Nc5 10.
Nxc5 dxc5 11. Qxd8+ Rxd8 12. g3 c4 13. Bg2 Bb4 14. O-O Bxc3 15. bxc3 Bd7 16. Rab1 Bc6 17. f3 O-O 18. h4 Rfe8 19.
Bh3 Rd6 20. Kf2 b5 21. Ke2 Bxe4 22. fxe4 Nxe4 23. Kf3 Nxc3 24. Ra1 g6 25. Rfe1 f5 26. Bf1 Rc8 27. Bc1 e4+ 28. Kf2 a5 29.
a3 Kf7 30. Bf4 Rd5 31. Be2 h5 32. Rec1 a4 33. Ke1 Rcd8 34. Be3 Ke6 35. Kf2 Kd7 36. Re1 Kc6 37. Bc1 Re8 38. Bb2 e3+ 39.
Kg1 Ne4 40. Bf3 c3 41. Bxe4 Rxe4 42. Bxc3 Rc5 43. Bf6 f4 44. gxf4 Rxf4 45. Bg5 Rg4+ 46. Kf1 Rc3 47. Rxe3 Rxc2 48.
Rd1 b4 49. axb4 Rxb4 50. Re6+ Kb5 51. Re5+ Kc6 52. Re8 Rbb2 53. Rc8+ Kb5 54. Rd5+ Ka6 55. Rxc2 Rxc2 56. Bd8 Kb7 57. Ra5 Ra2 58. Ke1 Kc6 59.
Kd1 Kd7 60. Bg5 Ke6 61. Kc1 a3 62. Kb1 Rb2+ 63. Ka1 Rg2 64. Ra6+ Kf5 65. Rf6+ Ke4 66. Rxg6 Rb2 67. Rh6 Kd3 68.
Rxh5 Kc2 69. Be7 Kb3 70. Rb5+ Kc2 71. Ra5 Rb7 72. Bxa3 Rh7 73. h5 Rd7 74. h6 Rd1+ 75. Ka2 Rh1 76.
Rc5 Kd3 77. Rc6 Ke4 78. Kb3 Kf5 79. Bc1 Rh4 80. Kc2 Ra4 81. h7 1-0

[Event "Chess Festival Groningen 2023 | A"]
[Site "Groningen, Netherlands"]
[Date "2023.12.24"]
[Round "4.8"]
[White "Nevednichy, Vladislav"]
[Black "Gomes, Mary Ann"]
[Result "0-1"]
[TimeControl "90min/40moves + 30min + 30sec/move"]
[WhiteElo "2452"]
[BlackElo "2332"]

1. e4 c5 2. Nf3 e6 3. d4 cxd4 4. Nxd4 a6 5. Bd3 Nf6 6. Qe2 d6 7. c4 Qc7 8. Nc3 g6 9. O-O Bg7 10.
Nf3 O-O 11. h3 Nc6 12. Bf4 Nd7 13. Rac1 Nce5 14. Rfd1 b6 15. b3 Bb7 16. Nh2 f5 17. exf5 gxf5 18. Bb1 Rad8 19. Bg5 Rde8 20.
Qd2 Nf7 21. Bf4 Nde5 22. Ne2 Ng6 23. Be3 Nh4 24. f3 Be5 25. Bf4 Kh8 26. Kf2 Rg8 27. Rg1 Ng6 28. Bxe5+ dxe5 29. Qc3 Rg7 30.
c5 Bd5 31. cxb6 Qxb6+ 32. Qc5 Qd8 33. Rcd1 Nh4 34. Kf1 Nxg2 35. Rxg2 Rxg2 36. Kxg2 Bxf3+ 37. Nxf3 Qxd1 38. Qc2 Rg8+ 39.
Kf2 Qh1 40. Nfg1 Qh2+ 41. Kf1 e4 42. Qc6 Ng5 43. b4 h6 44. Ke1 Qh1 45. Kd1 Nf3 46. Qxe6 Rxg1+ 47. Kc2 Qxh3 48. Qxa6 Rg2 49.
Qc8+ Kh7 50. Qc7+ Kg6 51. Qc6+ Kg5 0-1

[Event "Chess Festival Groningen 2023 | A"]
[Site "Groningen, Netherlands"]
[Date "2023.12.24"]
[Round "4.9"]
[White "De Jong, Migchiel"]
[Black "Bulmaga, Irina"]
[Result "0-1"]
[TimeControl "90min/40moves + 30min + 30sec/move"]
[WhiteElo "2301"]
[BlackElo "2439"]

1. Nf3 Nf6 2. g3 d5 3. Bg2 e6 4. O-O Be7 5. c4 O-O 6. b3 b6 7. Bb2 Bb7 8. cxd5 exd5 9. d4 Nbd7 10.
Nc3 Re8 11. Ne5 Bf8 12. Nd3 Ne4 13. Rc1 Nxc3 14. Bxc3 a5 15. Bd2 Bd6 16. Bf4 Qe7 17. Bxd6 Qxd6 18. Qc2 c6 19. Rfd1 Re7 20.
e3 Rae8 21. Qb2 Ba6 22. Nf4 Nf6 23. Ne2 Bc8 24. Nc3 Bf5 25. a3 h5 26. b4 b5 27. bxa5 h4 28. Qb4 Qe6 29. a4 hxg3 30.
hxg3 Ng4 31. Rd2 Qh6 32. Nd1 bxa4 33. Qxa4 Be4 34. Bxe4 Qh2+ 35. Kf1 Rxe4 36. Qxc6 Qh1+ 37. Ke2 Nxf2 38.
Qxe8+ Rxe8 39. Kxf2 Qh2+ 40. Ke1 Qxg3+ 41. Ke2 f5 0-1

[Event "Chess Festival Groningen 2023 | A"]
[Site "Groningen, Netherlands"]
[Date "2023.12.24"]
[Round "4.10"]
[White "Lahaye, Rick"]
[Black "Palchuk, Andrii"]
[Result "1/2-1/2"]
[TimeControl "90min/40moves + 30min + 30sec/move"]
[WhiteElo "2439"]
[BlackElo "2328"]

1. d4 Nf6 2. Nf3 d5 3. Bf4 c5 4. dxc5 Qa5+ 5. Nbd2 Nbd7 6. a3 Qxc5 7. e3 Qb6 8. b4 Nh5 9. Be5 Nxe5 10.
Nxe5 g6 11. Ndf3 Bg7 12. c4 O-O 13. Rc1 Rd8 14. cxd5 Qd6 15. Qd4 Qxd5 16. Bc4 Qxd4 17. Bxf7+ Kf8 18. exd4 Bxe5 19. Nxe5 Rxd4 20.
f3 Nf4 21. Kf2 Bf5 22. g4 Be6 23. Bxe6 Nxe6 24. Rhe1 Nf4 25. Red1 Rxd1 26. Rxd1 Rc8 27. Rd7 Rc3 28. a4 a5 29. Rxb7 axb4 30. Rb8+ Kg7 31. Rxb4 Rc2+ 32. Kf1 Rc1+ 33.
Kf2 Rc2+ 34. Kf1 Rc1+ 1/2-1/2

[Event "Chess Festival Groningen 2023 | A"]
[Site "Groningen, Netherlands"]
[Date "2023.12.24"]
[Round "4.11"]
[White "Panda, Sambit"]
[Black "Kumar, Prajit Sai"]
[Result "1-0"]
[TimeControl "90min/40moves + 30min + 30sec/move"]
[WhiteFideId "25091794"]
[WhiteElo "2404"]
[BlackElo "2172"]

1. d4 d5 2. c4 e6 3. Nc3 c5 4. cxd5 exd5 5. Nf3 Nc6 6. Bg5 Be7 7. Bxe7 Ngxe7 8. dxc5 Qa5 9. e3 Qxc5 10.
Be2 O-O 11. O-O Rd8 12. Rc1 Bg4 13. Na4 Qd6 14. Nc5 Rab8 15. Qa4 Ne5 16. Rfd1 Bxf3 17. gxf3 N7c6 18. Kh1 Qe7 19. f4 Nd7 20. Rxd5 Nxc5 21. Rcxc5 Qh4 22. Kg2 Qf6 23.
Qb3 h6 24. Rf5 Qg6+ 25. Kf1 Rf8 26. Bh5 Qd6 27. Rxf7 Kh8 28. Qd5 Qxd5 29. Rxd5 Rxf7 30. Bxf7 Nb4 31. Rd7 g5 32. f5 Kg7 33.
Be6+ Kf6 34. f4 gxf4 35. exf4 Rf8 36. Ke2 Nc6 37. Rxb7 Nd4+ 38. Ke3 Nxf5+ 39. Bxf5 Kxf5 40. Rxa7 Rb8 41.
b3 Rc8 42. Rf7+ Kg4 43. Rg7+ Kf5 44. Kd3 Kxf4 45. a4 Ra8 46. Rg6 h5 47. h4 Kf3 48. Rg5 1-0

[Event "Chess Festival Groningen 2023 | A"]
[Site "Groningen, Netherlands"]
[Date "2023.12.24"]
[Round "4.12"]
[White "Lambrechts, Koen"]
[Black "Jin, Yueheng"]
[Result "1/2-1/2"]
[TimeControl "90min/40moves + 30min + 30sec/move"]
[WhiteElo "2290"]
[BlackElo "2398"]

1. e4 c5 2. Nf3 e6 3. Nc3 Nc6 4. Bb5 Nd4 5. O-O Ne7 6. Re1 Nec6 7. Bf1 Be7 8. d3 O-O 9. Bf4 d6 10.
Bg3 Bf6 11. a3 a6 12. Nxd4 Bxd4 13. Rb1 Bxc3 14. bxc3 e5 15. f3 b5 16. Bf2 Qa5 17. d4 Qxc3 18. dxc5 dxc5 19. Rb3 Qa5 20.
Bxc5 Rd8 21. Rd3 Rxd3 22. Bxd3 Qc3 23. Bf2 Qxa3 24. Qa1 Qxa1 25. Rxa1 Bb7 26. Kf1 Rd8 27. Ke2 f6 28. Bb6 Nd4+ 29.
Ke3 Rd6 30. Bc5 Rd7 31. Bb6 Kf8 32. h4 Ke8 33. g4 Rd6 34. Ba7 Ne6 35. c4 Nf4 36. Bf1 bxc4 37. Bxc4 Rc6 38. Bf1 Rc3+ 39.
Kf2 Rc2+ 40. Kg3 Ke7 41. Bf2 Rc3 42. Be1 Rb3 43. Bc4 Rb2 44. Bf2 h5 45. gxh5 Nxh5+ 46. Kg2 Nf4+ 47. Kg3 Ne2+ 48.
Kg2 Nc3 49. Kg3 Nb5 50. h5 f5 51. exf5 Kf6 52. Rd1 Rb4 53. Bxb5 Rxb5 54. Rd6+ Kxf5 55. Rb6 Kg5 56. Rg6+ Kxh5 57.
Rxg7 Rb3 58. Be3 Rxe3 59. Rxb7 Kg5 60. Ra7 Ra3 61. Kf2 a5 62. Ra8 a4 63. Ke2 Kf5 64. Rf8+ Kg5 65. Kd2 Rb3 66.
Ra8 a3 67. Ke2 Kf6 68. Ra6+ Kf5 69. Ra8 Ke6 70. Ra5 Kd6 71. Kf2 Ke6 72. Ke2 Rc3 73. Kf2 Rd3 74. Ke2 Rc3 75. Kf2 Kd6 76.
Ke2 Kc6 77. Kd2 Rxf3 78. Rxe5 a2 79. Re1 Kb5 80. Kc2 Kb4 81. Kb2 Rf2+ 82. Ka1 Kb3 83. Re3+ 1/2-1/2

[Event "Chess Festival Groningen 2023 | A"]
[Site "Groningen, Netherlands"]
[Date "2023.12.24"]
[Round "4.13"]
[White "Aarav, Dengla"]
[Black "Albers, Sasa"]
[Result "1-0"]
[TimeControl "90min/40moves + 30min + 30sec/move"]
[WhiteFideId "45059756"]
[WhiteElo "2382"]
[BlackElo "2192"]

1. e4 c6 2. d4 d5 3. e5 c5 4. dxc5 e6 5. a3 Bxc5 6. Qg4 Ne7 7. Nf3 O-O 8. Bd3 f5 9. exf6 Rxf6 10.
Qh5 h6 11. O-O Bd6 12. Bd2 Nbc6 13. Bc3 Rf8 14. b4 a6 15. Nbd2 Bd7 16. Rfe1 Qe8 17. Qxe8 Raxe8 18. Bb2 Rf4 19.
c4 Ref8 20. b5 axb5 21. cxb5 Na5 22. Be5 Bxe5 23. Nxe5 Be8 24. Rac1 Nf5 25. Rc7 Nd6 26. b6 Ra4 27. Nb1 Rf6 28.
f3 h5 29. Rec1 Bb5 30. Nc3 1-0

[Event "Chess Festival Groningen 2023 | A"]
[Site "Groningen, Netherlands"]
[Date "2023.12.24"]
[Round "4.14"]
[White "Adamovics, Aleksejs"]
[Black "Nagarkatte, Vedant"]
[Result "1/2-1/2"]
[TimeControl "90min/40moves + 30min + 30sec/move"]
[BlackFideId "25636227"]
[WhiteElo "2015"]
[BlackElo "2320"]

1. c4 e5 2. Nc3 Nf6 3. Nf3 Nc6 4. e4 Bc5 5. Nxe5 Nxe5 6. d4 Bb4 7. dxe5 Nxe4 8. Qf3 d5 9. Be2 Qe7 10.
O-O Bxc3 11. bxc3 Qxe5 12. Bf4 Qf5 13. cxd5 Qxd5 14. Rad1 Qc6 15. Bxc7 O-O 16. Be5 Be6 17. Bd3 f5 18.
Bxe4 Qxe4 19. Qg3 Qg4 20. a3 Qxg3 21. fxg3 Rad8 22. Rd4 Rxd4 23. Bxd4 a6 24. Re1 Re8 25. h3 Bd7 26. Rxe8+ Bxe8 27.
g4 fxg4 28. hxg4 Bd7 29. g5 Kf7 30. Kf2 Ke6 31. Bxg7 Kd5 32. Ke3 Kc4 33. Kd2 Bf5 34. g3 Bg6 35. Bf6 Kb3 36. Be7 Kc4 37.
Bf6 Kb3 1/2-1/2

[Event "Chess Festival Groningen 2023 | A"]
[Site "Groningen, Netherlands"]
[Date "2023.12.24"]
[Round "4.15"]
[White "Sanket, Chakravarty"]
[Black "Ter-Avetisjana, Agnesa Stepania"]
[Result "1-0"]
[TimeControl "90min/40moves + 30min + 30sec/move"]
[WhiteFideId "25032038"]
[BlackFideId "11614900"]
[WhiteElo "2361"]
[BlackElo "1974"]

1. c4 c6 2. Nf3 d5 3. e3 Nf6 4. Nc3 e6 5. b3 Bd6 6. Bb2 O-O 7. d4 Nbd7 8. Be2 e5 9. dxe5 Nxe5 10.
cxd5 cxd5 11. O-O Be6 12. Nb5 Nxf3+ 13. Bxf3 Be7 14. Rc1 Qa5 15. Nc7 Rac8 16. Nxe6 fxe6 17. Bg4 Kf7 18. Rxc8 Rxc8 19.
Bxf6 gxf6 20. Qd3 f5 21. Bxf5 Rc3 22. Bxe6+ Kxe6 23. Qxh7 Qc5 24. g3 Rc1 25. Rxc1 Qxc1+ 26. Kg2 Qc6 27. Qg8+ Kd7 28. Qg4+ Kc7 29. Qf3 Kb6 30. h4 Ka5 31.
Kh3 b5 32. Qf7 Bc5 33. h5 d4 34. exd4 Qh1+ 35. Kg4 Bxd4 36. f4 Qh2 37. Qc7+ Kb4 38. Qd6+ Kc3 39. Qc6+ Kb4 40. Qd6+ Kc3 41.
Qc6+ Kb4 42. a3+ Kxb3 43. Qxb5+ Kc3 44. Qc6+ Kd3 45. h6 Kd2 46. Qd7 Kc3 47. h7 Qb2 48. Qxd4+ 1-0